 Dungeon Crawl Stone Soup version 0.18.1-48-g4cf74bf (webtiles) character file.

373 Krovax999 the Digger (level 6, 0/35 HPs)
             Began as a Gargoyle Earth Elementalist on July 17, 2016.
             Was a Believer of Elyvilon.
             Slain by an iguana (7 damage)
             ... on level 4 of the Dungeon.
             The game lasted 00:42:11 (7647 turns).

Krovax999 the Digger (Gargoyle Earth Elementalist)  Turns: 7647, Time: 00:42:11

Health: 0/35       AC: 11    Str: 11    XL:     6   Next: 72%
Magic:  0/11       EV: 12    Int: 17    God:    Elyvilon [**....]
Gold:   241        SH:  0    Dex: 11    Spells: 2 memorised, 7 levels left

rFire  . . .     SeeInvis .     e - -1 club (curse)
rCold  . . .     Gourm    .     n - +1 leather armour
rNeg   + . .     Faith    .     (no shield)
rPois  ∞         Spirit   .     l - +2 helmet
rElec  +         Dismiss  .     (no cloak)
rCorr  .         Reflect  .     (no gloves)
SustAt .         Harm     .     (no boots)
MR     .....                    (no amulet)
Stlth  ++........               (no ring)
                                (no ring)

@: not resistant to hostile enchantments, unstealthy
A: negative energy resistance 1, electricity resistance, unbreathing,
petrification resistance, rot immunity, AC +4
a: Lesser Healing, Heal Other, Divine Protection, Renounce Religion


You were on level 4 of the Dungeon.
You worshipped Elyvilon.
Elyvilon was pleased with you.
You were not hungry.

You visited 1 branch of the dungeon, and saw 5 of its levels.

You collected 241 gold pieces.

Inventory:

Hand Weapons
 e - a cursed -1 club (weapon)
 k - a +0 club
 r - a +1 mace of protection
 s - a +0 flail
 t - a +0 whip of venom
Missiles
 b - 172 stones (quivered)
Armour
 a - a +0 robe
 l - a +2 helmet (worn)
 n - a +1 leather armour (worn)
Wands
 x - a wand of paralysis (11/24)
 y - a wand of acid (3/15)
Scrolls
 f - 3 scrolls of remove curse {unknown}
 h - 2 scrolls of recharging
 i - a scroll of teleportation {unknown}
 m - a scroll of amnesia
 p - a scroll of enchant weapon
Potions
 d - a potion of curing {unknown}
 j - a potion of magic {unknown}
 q - a potion of agility
 u - a potion of lignification {unknown}
 z - a potion of invisibility {unknown}
Books
 c - a book of Geomancy

   Spells                             Type                      Level
   a - Sandblast                      Earth                        1
   b - Passwall                       Transmutation/Earth          2
   c - Stone Arrow                    Conjuration/Earth            3
   d - Petrify                        Transmutation/Earth          4
   e - Lee's Rapid Deconstruction     Earth                        5
Comestibles
 g - a bread ration
 o - a meat ration


   Skills:
 * Level 1.9 Fighting
 * Level 1.7 Maces & Flails
 + Level 0.1 Throwing
 * Level 1.8 Armour
 + Level 2.9 Dodging
 - Level 3.0 Stealth
 + Level 3.4 Spellcasting
   Level 0.7 Transmutations
 + Level 5.0 Earth Magic


You had 7 spell levels left.
You knew the following spells:

 Your Spells              Type           Power        Failure   Level  Hunger
a - Sandblast             Erth           ###...       3%          1    None
b - Stone Arrow           Conj/Erth      ##....       28%         3    ###....


Dungeon Overview and Level Annotations

Branches:
Dungeon (5/15)
 Temple: D:4-7

Altars:
Elyvilon
Sif Muna
Vehumet
Xom
Yredelemnul

Annotations:
D:2 1 exclusion, Crazy Yiuf
D:5 exclusion: sky beast


Innate Abilities, Weirdness & Mutations

You are resistant to torment.
Your stone body is resilient (AC +4).
You are immune to poison.
You resist negative energy.
You are resistant to electric shocks.
You can survive without breathing.
You are immune to petrification.
You are immune to rotting.


Message History

You hit the iguana but do no damage.
The iguana is almost dead.
The iguana bites you.
* * * LOW HITPOINT WARNING * * *
The iguana barely misses you.
You hit the iguana but do no damage.
The iguana is almost dead.
The iguana bites you.
* * * LOW HITPOINT WARNING * * *
You barely miss the iguana.
The iguana is almost dead.
The iguana bites you.
* * * LOW HITPOINT WARNING * * *
You are healed.
You feel somewhat more hungry.
The iguana bites you but does no damage.
You are too injured to fight recklessly!
You hit the iguana.
The iguana is almost dead.
The iguana bites you!
You die...

#.##.#..#....#.#.#.# #.#
#.......####.....#.###.#########
#.####.......#.###.............#
..# #.#####.#.##.####.#####.####
..# #.# #.#.#...#......##.....
..# #.# #.#.....#.#.##.#######
..# #.# #.###...#.#.##.(......
..# #.# #.....................
..# #.# ####.@.####.##.#.#####
.># #.# #..l#.......#.# #.# #.#
#.............# #.# #.#
#...#.############# #.# #.#
#...#......#....... #.#
#.#########..#..###.#.###### #.#
#............######.#.# #.#
############........#.# #.#
#.################.#


You could see an iguana.

Vanquished Creatures
  A crimson imp (D:5)
  2 orc wizards
  An iguana (D:4)
  A worker ant (D:4)
  A hound zombie (D:5)
  3 gnolls (D:3)
  9 adders
  2 oozes
  3 worms
  3 dart slugs
  2 giant geckos
  5 orcs
  5 giant cockroaches
  10 hobgoblins
  7 jackals
  2 quokkas
  5 bats
  4 giant newts
  7 goblins
  3 kobolds
  14 rats
90 creatures vanquished.

Notes
Turn   | Place    | Note
--------------------------------------------------------------
     0 | D:1      | Krovax999 the Gargoyle Earth Elementalist began the quest for the Orb.
     0 | D:1      | Reached XP level 1. HP: 10/10 MP: 3/3
   537 | D:1      | Reached XP level 2. HP: 12/15 MP: 3/5
   606 | D:1      | Reached skill level 4 in Earth Magic
  1277 | D:1      | Reached XP level 3. HP: 19/19 MP: 1/6
  1835 | D:2      | Reached XP level 4. HP: 22/24 MP: 0/7
  2120 | D:2      | Noticed Crazy Yiuf
  2254 | D:2      | Found a basalt altar of Yredelemnul.
  2301 | D:2      | Reached skill level 1 in Armour
  2352 | D:2      | Found a white marble altar of Elyvilon.
  2611 | D:2      | Became a worshipper of Elyvilon the Healer
  3571 | D:3      | Found a shimmering altar of Xom.
  3691 | D:3      | Learned a level 3 spell: Stone Arrow
  3704 | D:3      | Found a deep blue altar of Sif Muna.
  4022 | D:3      | Reached XP level 5. HP: 28/28 MP: 2/8
  4182 | D:3      | Reached skill level 1 in Maces & Flails
  4330 | D:3      | Reached * piety under Elyvilon
  4383 | D:3      | Reached skill level 1 in Fighting
  5896 | D:4      | Reached XP level 6. HP: 30/34 MP: 3/10
  6630 | D:4      | Reached skill level 5 in Earth Magic
  6812 | D:5      | Entered Level 5 of the Dungeon
  7109 | D:5      | Reached ** piety under Elyvilon
  7113 | D:5      | Noticed a sky beast
  7148 | D:5      | Found a radiant altar of Vehumet.
  7647 | D:4      | Slain by an iguana

Skill      XL: |  1  2  3  4  5  6 |
---------------+-------------------+-----
Earth Magic    | 4 5 |  5.0
Dodging        | 2 |  2.9
Armour         | 1 |  1.8
Stealth        | 3 |  3.0
Maces & Flails | 1 |  1.7
Fighting       | 1 |  1.9
Spellcasting   | 3 |  3.4
Throwing       | |  0.1
Transmutations | |  0.7

Action                   |  1- 3 |  4- 6 || total
-------------------------+-------+-------++-------
Melee: Club              |   104 |   351 ||   455
Throw: Stone             |       |    24 ||    24
 Cast: Sandblast         |    36 |   182 ||   218
       Stone Arrow       |       |     3 ||     3
Invok: Lesser Healing    |       |     2 ||     2
  Use: Scroll            |       |     9 ||     9
 Stab: Sleeping          |     2 |     3 ||     5
  Eat: Chunk             |     4 |    12 ||    16
       Bread ration      |       |     1 ||     1
       Fruit             |       |     2 ||     2
       Meat ration       |       |     1 ||     1
Armor: Robe              |    58 |    35 ||    93
       Leather armour    |       |   175 ||   175
Dodge: Dodged            |   118 |   321 ||   439
